 Dungeon Crawl Stone Soup version 0.13-a0-3159-gc5ce8eb (webtiles) character file.

222 PolkaDot the Sneak (level 4, -2/28 HPs)
             Began as a Vampire Wizard on Sept 24, 2013.
             Slain by an orc
             ... wielding a +0,+1 orcish war axe
              (6 damage)
             ... on Level 3 of the Dungeon.
             The game lasted 00:06:33 (2029 turns).

PolkaDot the Sneak (Vampire Wizard)                 Turns: 2029, Time: 00:06:33

HP  -2/28        AC  2     Str 11      XL: 4   Next: 16%
MP   8/12        EV 12     Int 21      God:
Gold 143         SH  0     Dex 12      Spells:  1 memorised,  8 levels left

Res.Fire  : . . .   See Invis. : +   j - +1,+4 dagger
Res.Cold  : . . .   Warding    : .   a - +0 robe
Life Prot.: . . .   Conserve   : .   (no shield)
Res.Poison: .       Res.Corr.  : .   b - +0 wizard hat
Res.Elec. : .       Clarity    : .   (no cloak)
Sust.Abil.: . .     Spirit.Shd : .   (no gloves)
Res.Mut.  : .       Stasis     : .   (no boots)
Res.Rott. : .       Flight     : .   (no amulet)
Saprovore : . . .                    (no ring)
                                     (no ring)

@: regenerating quickly, mighty, slightly resistant to hostile enchantments,
stealthy
A: fangs 3, see invisible, unbreathing
a: no special abilities


You were on level 3 of the Dungeon.
You were very full.

You visited 1 branch of the dungeon, and saw 3 of its levels.

You collected 123 gold pieces.

Inventory:

Hand weapons
 j - a +1,+4 dagger (weapon)
Armour
 a - a +0 robe (worn)
 b - a +0 wizard hat (worn)
Scrolls
 e - 2 scrolls of fog {unknown}
 f - a scroll of magic mapping {unknown}
 g - 3 scrolls of identify {unknown}
 h - 2 scrolls of teleportation {unknown}
 i - a scroll of remove curse {unknown}
 k - a scroll of curse jewellery {unknown}
 l - 2 scrolls of blinking {unknown}
 n - a scroll of enchant weapon I {unknown}
 p - a scroll of curse weapon {unknown}
Potions
 o - a potion of might
Books
 c - a book of Minor Magic

   Spells                             Type                      Level
   *Magic Dart                        Conjuration                  1
   Blink                              Translocation                2
   Call Imp                           Summoning                    2
   Repel Missiles                     Charms/Air                   2
   Slow                               Hexes                        2
   Conjure Flame                      Conjuration/Fire             3
   Mephitic Cloud                     Conjuration/Poison/Air       3


   Skills:
 - Level 2.1 Dodging
 - Level 3.0 Stealth
 - Level 3.0 Spellcasting
 * Level 3.0 Conjurations
   Level 1.0 Summonings
   Level 0.7 Translocations


You had 8 spell levels left.
You knew the following spells:

 Your Spells              Type           Power        Failure   Level  Hunger
a - Magic Dart            Conj           ###.         4%          1    None


Dungeon Overview and Level Annotations

Branches:
Dungeon (3/27)

Altars:
Ashenzari
Cheibriados


Innate Abilities, Weirdness & Mutations

Your natural rate of healing is unusually fast.
You have razor-sharp teeth.*
You have supernaturally acute eyesight.
You can survive without breathing.*


Message History

It was a potion of confusion.
The orc wizard gestures at you while chanting.
The magic dart hits you!
Drink which item? (? for menu, Esc to quit)
Okay, then.
Ouch! The orc throws an orcish hand axe.
The orcish hand axe hits you!
Ouch!
The orc wizard gestures at you while chanting.
The magic dart hits you!
* * * LOW HITPOINT WARNING * * *
The orc throws an orcish hand axe.
The orcish hand axe misses you.
Ouch! The orc throws an orcish hand axe.
The orcish hand axe misses you.
Drink which item? (? for menu, Esc to quit)
This tastes delicious!
Ouch! Ouch! Ouch! You feel less confused.
The orc hits you with an orcish war axe.
You die...

.###### ### .......
... ....... .. #
##....?o######.#...##
....)..oo@..<.>......
############.#.#...##
..# # # ..## ... ....
#####


You could see an orc wizard and 2 orcs.

Vanquished Creatures
  3 adders (D:2)
  A worm (D:2)
  2 oozes (D:1)
  An orc (D:3)
  10 bats
  6 goblins
  7 hobgoblins
  A kobold (D:1)
  A quokka (D:2)
  A ball python (D:2)
  5 giant newts (D:1)
  2 jackals (D:2)
  3 rats
43 creatures vanquished.

Notes
Turn   | Place    | Note
--------------------------------------------------------------
     0 | D:1      | PolkaDot, the Vampire Wizard, began the quest for the Orb.
     0 | D:1      | Reached XP level 1. HP: 11/11 MP: 6/6
   127 | D:1      | Reached skill level 1 in Conjurations
   303 | D:1      | Reached XP level 2. HP: 10/17 MP: 0/8
   994 | D:1      | Reached XP level 3. HP: 22/22 MP: 10/10
  1528 | D:2      | Found a shattered altar of Ashenzari.
  1550 | D:2      | Found a snail-covered altar of Cheibriados.
  1644 | D:2      | Reached XP level 4. HP: 10/28 MP: 3/12
  2029 | D:3      | Slain by an orc

Action                   |  1- 3 |  4- 6 || total
-------------------------+-------+-------++-------
Melee: Unarmed           |    30 |       ||    30
       Dagger            |    19 |       ||    19
 Cast: Magic Dart        |    88 |    13 ||   101
  Use: Potion            |     1 |     3 ||     4
 Stab: Sleeping          |     1 |       ||     1
